 Dungeon Crawl Stone Soup version 0.21-a0-426-g98080a9 (webtiles) character file.

2143 Gorice the Cleaver (level 9, -2/63 HPs)
             Began as a Demonspawn Wanderer on Nov 5, 2017.
             Was an Initiate of Fedhas.
             Slain by an orc warrior
             ... wielding a +0 scimitar
              (14 damage)
             ... on level 5 of the Dungeon.
             The game lasted 00:22:24 (7141 turns).

Gorice the Cleaver (Demonspawn Wanderer)            Turns: 7141, Time: 00:22:25

Health: -2/63      AC: 15    Str: 16    XL:     9   Next: 9%
Magic:  9/9        EV:  7    Int: 11    God:    Fedhas [......]
Gold:   298        SH:  0    Dex: 13    Spells: 8/8 levels left

rFire    . . .     SeeInvis .   a - +2 hand axe
rCold    . . .     Gourm    .   (no shield)
rNeg     . . .     Faith    .   B - +0 chain mail
rPois    .         Spirit   .   (no helmet)
rElec    .         Reflect  .   (no cloak)
rCorr    .         Harm     +   x - +1 pair of gloves
MR       .....                  A - +0 pair of boots
Stlth    ..........             m - amulet of harm
HPRegen  0.20/turn              h - -2 ring of intelligence (curse)
MPRegen  0.11/turn              Z - ring of stealth

@: drained
A: talons 2, molten scales 1, powered by pain 1, rot immunity
a: Fungal Bloom, Renounce Religion


You were on level 5 of the Dungeon.
You worshipped Fedhas.
Fedhas was noncommittal.
You were hungry.

You visited 2 branches of the dungeon, and saw 7 of its levels.

You collected 298 gold pieces.

Inventory:

Hand Weapons
 a - a +2 hand axe (weapon)
 t - a +0 blowgun
 J - a +0 war axe
Missiles
 r - 29 bolts
 z - 30 poisoned needles
 D - 6 tomahawks (quivered)
 Y - 97 stones
Armour
 b - a +0 ring mail
 x - a +1 pair of gloves (worn)
 A - a +0 pair of boots (worn)
 B - a +0 chain mail (worn)
Magical Staves
 H - an uncursed staff of earth {unknown}
Jewellery
 h - a cursed -2 ring of intelligence (left hand)
 m - an amulet of harm (around neck)
 Z - a ring of stealth (right hand)
Wands
 n - a wand of flame (7/48)
 E - a wand of polymorph (10/24)
 F - a wand of disintegration (13/24)
Scrolls
 c - 3 scrolls of teleportation {!r}
 k - 2 scrolls of remove curse
 w - 3 scrolls of amnesia
 y - a scroll of fear {!r}
Potions
 e - 2 potions of degeneration {unknown}
 f - a potion of might {!q}
 g - a potion of magic {unknown}
 i - 3 potions of curing
 j - 2 potions of mutation {!q}
 l - a potion of cancellation {unknown}
 o - 3 potions of flight
 p - 2 potions of brilliance {unknown}
 s - 2 potions of resistance {!q}
 v - a potion of invisibility {unknown}
 C - a potion of agility {!q}
 G - a potion of heal wounds {unknown}
 I - a potion of haste {unknown}
Comestibles
 d - 3 bread rations {!e}
 q - a fruit
 u - 4 royal jellies


   Skills:
 - Level 3.0(2.8) Fighting
 * Level 9.2(9.1) Axes
   Level 1.0(0.8) Crossbows
 + Level 6.5(6.4) Armour
 - Level 1.0(0.8) Stealth
 - Level 1.0(0.8) Evocations


You had 8 spell levels left.
You didn't know any spells.

Dungeon Overview and Level Annotations

Branches:
Dungeon (6/15)             Temple (1/1) D:5

Altars:
Ashenzari
Cheibriados
Dithmenos
Elyvilon
Fedhas
Kikubaaqudgha
Makhleb
Nemelex Xobeh
Okawaru
Qazlal
Ru
Sif Muna
Trog
Uskayaw
Vehumet
Wu Jian
Yredelemnul
Zin
The Shining One

Shops:
D:6 *?

Annotations:
D:3 Autsider's ghost, amateur SpVM


Innate Abilities, Weirdness & Mutations

You have razor-sharp toenails.
You are partially covered in molten scales. (AC +2)
You sometimes gain a little power by taking damage.
You are immune to rotting.


Message History

The orc warrior hits you but does no damage.
You climb upwards.
There is a stone staircase leading down here.
Unknown command.
You hit the orc warrior but do no damage.
The orc warrior barely misses you.
You hit the orc warrior but do no damage.
You are feeling hungry.
You closely miss the orc warrior.
The orc warrior hits you but does no damage.
You hit the orc warrior.
The orc warrior is lightly wounded.
The orc warrior hits you but does no damage.
You hit the orc warrior.
The orc warrior is lightly wounded.
The orc warrior hits you with a scimitar!
Damage: 13 (max 13)
You closely miss the orc warrior.
The orc warrior is lightly wounded.
You hit the orc warrior but do no damage.
The orc warrior is lightly wounded.
The orc warrior hits you with a scimitar!
Damage: 10 (max 13)
Your chain mail prevents you from hitting the orc warrior.
The orc warrior is lightly wounded.
The orc warrior hits you but does no damage.
You hit the orc warrior.
The orc warrior is moderately wounded.
The orc warrior hits you with a scimitar!
* * * LOW HITPOINT WARNING * * *
Damage: 15 (max 15)
You slash the orc warrior!
The orc warrior is severely wounded.
You closely miss the orc warrior.
The orc warrior is severely wounded.
The orc warrior barely misses you.
You hit the orc warrior.
The orc warrior is severely wounded.
The orc warrior hits you with a scimitar!
* * * LOW HITPOINT WARNING * * *
Damage: 17 (max 17)
You hit the orc warrior.
The orc warrior is almost dead.
You closely miss the orc warrior.
The orc warrior is almost dead.
The orc warrior hits you but does no damage.
You feel better.
The orc warrior hits you with a scimitar!
You die...
Fedhas appreciates your contribution to the ecosystem.

##################
.#...#...#......@#
...⌠...⌠.#######o#
.#...#...# #.#
###÷###### #.#
.#...#...# #.#
...⌠...⌠.# #.#
.#...#...# #.#
###.###### #.#
.#...#...# #.#


You could see an orc warrior.

Vanquished Creatures
  A kobold demonologist (D:6)
  A troll (D:6)
  Sigmund (D:5)
  3 sky beasts
  3 centaurs (D:5)
  A bullfrog (D:6)
  2 wights
  A howler monkey (D:5)
  A quasit (D:5)
  A bullfrog skeleton (D:4)
  A hound (D:5)
  A jelly (D:5)
  4 orc priests
  5 worker ants
  5 orc wizards
  2 worker ant zombies (D:6)
  4 gnolls
  11 adders
  An ooze (D:3)
  An adder zombie (D:5)
  4 worms
  3 dart slugs
  4 leopard geckos
  26 orcs
  9 bats
  7 giant cockroaches
  9 goblins
  4 hobgoblins
  14 jackals
  3 quokkas
  2 ball pythons
  6 frilled lizards
  4 kobolds
  3 rats (D:1)
148 creatures vanquished.

Notes
Turn   | Place    | Note
-------+----------+-------------------------------------------
     0 | D:1      | Gorice the Demonspawn Wanderer began the quest for the Orb.
     0 | D:1      | Gorice set off with: a +2 hand axe, a +0 ring mail, a scroll of teleportation {!r}, a bread ration {!e}
     0 | D:1      | Reached XP level 1. HP: 18/18 MP: 1/1
    21 | D:1      | Reached skill level 2 in Axes
    74 | D:1      | Reached skill level 2 in Armour
   140 | D:1      | Gained mutation: You have sharp toenails. [demonic ancestry]
   140 | D:1      | Reached XP level 2. HP: 19/24 MP: 2/2
   604 | D:1      | Gained mutation: You have razor-sharp toenails. [demonic ancestry]
   604 | D:1      | Reached XP level 3. HP: 29/29 MP: 3/3
   929 | D:2      | Reached skill level 3 in Axes
  1089 | D:2      | Gained mutation: You are immune to rotting. [demonic ancestry]
  1089 | D:2      | Reached XP level 4. HP: 22/35 MP: 4/4
  1531 | D:2      | HP: 7/35 [gnoll/flail (8)]
  2050 | D:2      | Reached skill level 3 in Armour
  2160 | D:3      | Reached skill level 4 in Axes
  2242 | D:3      | Reached XP level 5. HP: 35/41 MP: 5/5
  2420 | D:3      | Noticed Autsider's ghost (amateur SpVM)
  2881 | D:3      | HP: 3/41 [orc priest/divine providence (15)]
  3017 | D:3      | HP: 9/41 [Autsider's ghost/sting (4)]
  3630 | D:3      | Found a faded altar of an unknown god.
  3630 | D:3      | Found a burning altar of Makhleb.
  3635 | D:3      | Found a white marble altar of Elyvilon.
  3637 | D:3      | Found a faded altar of an unknown god.
  3638 | D:3      | Found a bloodstained altar of Trog.
  3671 | D:3      | Gained mutation: You are partially covered in molten scales. (AC +2) [demonic ancestry]
  3671 | D:3      | Reached XP level 6. HP: 47/47 MP: 6/6
  3953 | D:4      | Reached skill level 5 in Axes
  4339 | D:4      | Noticed a sky beast
  4354 | D:4      | Killed a sky beast
  4354 | D:4      | Reached skill level 4 in Armour
  4507 | D:4      | Reached XP level 7. HP: 48/52 MP: 7/7
  4677 | D:5      | Entered Level 5 of the Dungeon
  4698 | D:5      | Reached skill level 6 in Axes
  5293 | D:5      | Noticed Sigmund
  5316 | D:5      | Killed Sigmund
  5316 | D:5      | Reached skill level 7 in Axes
  5316 | D:5      | Reached skill level 5 in Armour
  5316 | D:5      | Reached XP level 8. HP: 49/58 MP: 8/8
  5504 | D:5      | Found a staircase to the Ecumenical Temple.
  5573 | Temple   | Entered the Ecumenical Temple
  5588 | Temple   | Became a worshipper of Fedhas Madash
  6046 | D:6      | Found Giyrid's Magic Scroll Shop.
  6064 | D:6      | Noticed a troll
  6078 | D:6      | Killed a troll
  6078 | D:6      | Reached skill level 8 in Axes
  6347 | D:6      | Reached skill level 6 in Armour
  6769 | D:6      | Found Buidoyla's Assorted Antiques.
  6779 | D:6      | Noticed a kobold demonologist
  6801 | D:6      | Killed a kobold demonologist
  6801 | D:6      | Reached skill level 9 in Axes
  6801 | D:6      | Gained mutation: You sometimes gain a little power by taking damage. [demonic ancestry]
  6801 | D:6      | Reached XP level 9. HP: 35/63 MP: 9/9
  7138 | D:5      | HP: 6/63 [orc warrior/scimitar (18)]
  7141 | D:5      | Slain by an orc warrior

Vault maps used:
D:1:      dpeg_arrival_pits
D:2:      first_bread, serial_bayou, serial_bayou_pond_e, serial_bayou_pond_a,
          serial_bayou_pond_a, serial_bayou_lake_a, serial_bayou_lagoon_a
D:3:      chequers_temple_overflow_minitemple, kennysheep_crisscross,
          solitary_fountain
D:5:      minmay_temple_entry_nine_rooms, uniq_sigmund
D:6:      serial_shops, nicolae_shop_crystal, nicolae_shop_trees
Temple:   regret_index_temple_sphere_string

Skill      XL: |  1  2  3  4  5  6  7  8 |
---------------+-------------------------+-----
Axes           | 2 3 4 5 7 9 |  9.2
Armour         | 2 3 4 5 6 |  6.5
Fighting       | |  3.0
Crossbows      | |  1.0
Stealth        | |  1.0
Evocations     | |  1.0

Action                   |  1- 3 |  4- 6 |  7- 9 || total
-------------------------+-------+-------+-------++-------
Melee: Hand axe          |   112 |   202 |   295 ||   609
       Kick              |    16 |    17 |       ||    33
Throw: Tomahawk          |       |       |     8 ||     8
  Use: Scroll            |     3 |     7 |     2 ||    12
       Potion            |       |     2 |     2 ||     4
  Eat: Chunk             |     1 |    11 |     8 ||    20
Armor: Ring mail         |    53 |    78 |       ||   131
       Chain mail        |       |    70 |   259 ||   329
Dodge: Dodged            |    71 |   108 |    98 ||   277

Table legend:
 A = Spawn XP
 B = Non-spawn XP
 C = Spawn XP percentage of total XP
 D = Spawn monster count
 E = Non-spawn monster count
 F = Spawn count percentage of total count
 G = Total turns spent on level
                    A         B        C        D         E        F      G
               +---------+---------+-------+---------+---------+-------+---------
         Total |       0 |    3062 |   0.0 |       0 |     148 |   0.0 |  7141
               +---------+---------+-------+---------+---------+-------+---------
           D:1 |       0 |      73 |   0.0 |       0 |      25 |   0.0 |  1230
           D:2 |       0 |     157 |   0.0 |       0 |      35 |   0.0 |  1770
           D:3 |       0 |     177 |   0.0 |       0 |      26 |   0.0 |   874
           D:4 |       0 |     343 |   0.0 |       0 |      17 |   0.0 |   803
           D:5 |       0 |    1158 |   0.0 |       0 |      28 |   0.0 |  1927
           D:6 |       0 |    1154 |   0.0 |       0 |      17 |   0.0 |   393
               +---------+---------+-------+---------+---------+-------+---------

Table legend:
 A = Turns spent in this place as a percentage of turns spent in the entire game.
 B = Non-inter-level travel turns spent in this place as a percentage of non-inter-level travel turns spent in the entire game.
 C = Inter-level travel turns spent in this place as a percentage of turns spent in this place.
 D = Turns resting spent in this place as a percentage of non-inter-level travel turns spent in this place.
 E = Turns spent auto-exploring this place as a percentage of non-inter-level travel turns spent in this place.
 F = Non-inter-level travel turns spent in this place divided by the number of levels of this place that you've seen.
                   A       B       C       D       E      F
               +-------+-------+-------+-------+-------+----------------------
         Total | 100.0 | 100.0 |   4.4 |  38.1 |  32.0 | 975.4
       Dungeon |  98.0 |  98.0 |   4.4 |  38.8 |  30.8 | 1115.2
        Temple |   2.0 |   2.0 |   4.9 |   0.0 |  92.7 | 137.0
               +-------+-------+-------+-------+-------+----------------------

Vault maps used:
D:1:      dpeg_arrival_pits
D:2:      first_bread, serial_bayou, serial_bayou_pond_e, serial_bayou_pond_a,
          serial_bayou_pond_a, serial_bayou_lake_a, serial_bayou_lagoon_a
D:3:      chequers_temple_overflow_minitemple, kennysheep_crisscross,
          solitary_fountain
D:5:      minmay_temple_entry_nine_rooms, uniq_sigmund
D:6:      serial_shops, nicolae_shop_crystal, nicolae_shop_trees
Temple:   regret_index_temple_sphere_string
